 Dungeon Crawl Stone Soup version 0.21.0-24-g2553a33 (webtiles) character file.

72 rb the Shooter (level 4, -1/36 HPs)
             Began as a Centaur Hunter on Jan 19, 2018.
             Slain by vegansnacktivist's ghost (16 damage)
             ... on level 3 of the Dungeon.
             The game lasted 00:06:33 (1944 turns).

rb the Shooter (Centaur Hunter)                     Turns: 1944, Time: 00:06:33

Health: -1/36      AC:  5    Str: 15    XL:     4   Next: 7%
Magic:  4/4        EV:  9    Int: 10    God:
Gold:   124        SH:  0    Dex: 10    Spells: 3/3 levels left

rFire    . . .     SeeInvis .   a - +2 shortbow
rCold    . . .     Gourm    .   (shield currently unavailable)
rNeg     + . .     Faith    .   u - +0 leather armour
rPois    .         Spirit   .   (no helmet)
rElec    .         Reflect  .   g - +0 cloak
rCorr    .         Harm     .   (no gloves)
MR       .....                  (no barding)
Stlth    +.........             (no amulet)
HPRegen  0.12/turn              t - ring of positive energy
MPRegen  0.09/turn              (no ring)

@: very quick
A: large, hooves 3, deformed body, speed 2, tough skin 3
a: no special abilities


You were on level 3 of the Dungeon.
You were not hungry.

You visited 1 branch of the dungeon, and saw 3 of its levels.

You collected 124 gold pieces.

Inventory:

Hand Weapons
 a - a +2 shortbow (weapon)
 b - a +0 whip
 c - a +0 hunting sling
Missiles
 d - 13 arrows (quivered)
 m - 45 stones
 q - 26 bolts
Armour
 g - a +0 cloak (worn)
 l - a +0 ring mail
 u - a +0 leather armour (worn)
Jewellery
 t - a ring of positive energy (left hand)
Wands
 w - a wand of polymorph (7)
Scrolls
 k - 2 scrolls of blinking
 n - 2 scrolls of fog
 o - 3 scrolls of identify
 r - a scroll of fear
Potions
 e - a potion of heal wounds {unknown}
 h - 2 potions of flight
 i - 2 potions of resistance {unknown}
 p - a potion of haste {unknown}
 s - a potion of might {unknown}
 v - a potion of magic {unknown}
Comestibles
 f - 4 rations
 j - 4 chunks of flesh


   Skills:
 - Level 2.0 Fighting
 + Level 7.5 Bows
 - Level 1.3 Dodging
 - Level 0.4 Stealth


You had 3 spell levels left.
You didn't know any spells.

Dungeon Overview and Level Annotations

Branches:
Dungeon (3/15)

Altars:
Fedhas

Annotations:
D:3 vegansnacktivist's ghost, amateur GrFi


Innate Abilities, Weirdness & Mutations

You have hooves in place of feet.
Armour fits poorly on your strangely shaped body.
You cover ground very quickly.
You have extremely tough skin. (AC +3)


Message History

Press: ? - help, Shift-Dir - straight line, f/p - vegansnacktivist's ghost
Aim: vegansnacktivist's ghost (heavily damaged)
You shoot an arrow.
The arrow hits vegansnacktivist's ghost.
Vegansnacktivist's ghost is heavily damaged.
Vegansnacktivist's ghost hits you but does no damage.
Firing (i - inventory. (,) - cycle):
d - 15 arrows (quivered)
Press: ? - help, Shift-Dir - straight line, f/p - vegansnacktivist's ghost
Aim: vegansnacktivist's ghost (heavily damaged)
You shoot an arrow.
The arrow hits vegansnacktivist's ghost.
Vegansnacktivist's ghost is heavily damaged.
Vegansnacktivist's ghost hits you.
Firing (i - inventory. (,) - cycle):
d - 14 arrows (quivered)
Press: ? - help, Shift-Dir - straight line, f/p - vegansnacktivist's ghost
Aim: vegansnacktivist's ghost (heavily damaged)
You shoot an arrow.
The arrow barely misses vegansnacktivist's ghost.
Vegansnacktivist's ghost hits you!
You die...

....##..##
.........##
..........
........#
#......#
#.....##
#......##
##.......#
#.W@.....#
.((.(..........
((........%...#
(......$.##..#.#
(........# .## #
.......... #
....#.....
..###...# #


You could see vegansnacktivist's ghost.

Vanquished Creatures
  An adder (D:2)
  2 oozes
  A dart slug (D:1)
  A leopard gecko (D:2)
  An orc (D:3)
  A ball python (D:1)
  7 bats
  2 giant cockroaches
  8 goblins
  6 hobgoblins
  12 kobolds
  A quokka (D:2)
  A frilled lizard (D:2)
  4 rats
48 creatures vanquished.

Notes
Turn   | Place    | Note
-------+----------+-------------------------------------------
     0 | D:1      | rb the Centaur Hunter began the quest for the Orb.
     0 | D:1      | Reached XP level 1. HP: 17/17 MP: 1/1
   301 | D:1      | Reached XP level 2. HP: 24/24 MP: 2/2
   302 | D:1      | Reached skill level 6 in Bows
   639 | D:1      | Reached XP level 3. HP: 29/29 MP: 3/3
  1143 | D:2      | Reached skill level 7 in Bows
  1246 | D:2      | Found a blossoming altar of Fedhas.
  1841 | D:3      | Reached XP level 4. HP: 36/36 MP: 4/4
  1933 | D:3      | Noticed vegansnacktivist's ghost (amateur GrFi)
  1944 | D:3      | Slain by vegansnacktivist's ghost

Skill      XL: |  1  2  3 |
---------------+----------+-----
Bows           | 6 7 |  7.5
Fighting       | |  2.0
Dodging        | |  1.3
Stealth        | |  0.4

Action                   |  1- 3 |  4- 6 || total
-------------------------+-------+-------++-------
 Fire: Shortbow          |   140 |    18 ||   158
  Use: Scroll            |    10 |       ||    10
  Eat: Chunk             |     1 |     1 ||     2
Armor: Leather armour    |    17 |     1 ||    18
Dodge: Dodged            |    24 |       ||    24
